 Dungeon Crawl Stone Soup version 0.25.0-15-gac7dcb8919 (webtiles) character file.

Game seed: 6357742449425718743

102 MaCx the Firebug (level 4, 0/33 HPs)
             Began as a Draconian Fire Elementalist on June 29, 2020.
             Slain by an orc warrior
             ... wielding a +0 long sword
              (19 damage)
             ... on level 1 of the Dungeon.
             The game lasted 00:07:11 (1875 turns).

MaCx the Firebug (Draconian Fire Elementalist)      Turns: 1875, Time: 00:07:11

Health: 0/33       AC:  5    Str: 11    XL:     4   Next: 50%
Magic:  8/8        EV: 12    Int: 16    God:
Gold:   36         SH:  0    Dex: 11    Spells: 8/9 levels left

rFire    . . .     SeeInvis .   e - +0 dagger
rCold    . . .     Gourm    .   (no shield)
rNeg     . . .     Faith    .   (armour unavailable)
rPois    .         Spirit   .   (helmet restricted)
rElec    .         Reflect  .   (no cloak)
rCorr    .         Harm     .   (no gloves)
MR       .....                  (no boots)
Stlth    ++........             (no amulet)
HPRegen  0.11/turn              (no ring)
MPRegen  0.11/turn              (no ring)

@: about to teleport
A: unfitting armour, cold-blooded, AC +5
a: no special abilities


You were on level 1 of the Dungeon.
You were near starving.

You visited 1 branch of the dungeon, and saw 2 of its levels.

You collected 36 gold pieces.

Inventory:

Hand Weapons
 e - a +0 dagger (weapon)
Missiles
 i - 44 stones (quivered)
Jewellery
 k - an uncursed amulet of guardian spirit {unknown}
Scrolls
 h - 3 scrolls of identify {unknown}
Potions
 a - a potion of flight {unknown}
 c - a potion of stabbing {unknown}
Comestibles
 b - 2 rations


   Skills:
 - Level 1.7 Dodging
 - Level 1.7 Stealth
 + Level 3.0 Spellcasting
 + Level 2.5 Conjurations
 + Level 3.9 Fire Magic


You had 8 spell levels left.
You knew the following spells:

 Your Spells              Type           Power        Failure   Level  Hunger
a - Foxfire               Conj/Fire      ##..         4%          1    #......

Your spell library contained the following spells:

 Spells                   Type           Power        Failure   Level  Hunger
 Conjure Flame            Conj/Fire      ##......     14%         3    ###....
 Inner Flame              Hex/Fire       #.......     26%         3    ###....
 Sticky Flame             Conj/Fire      ##......     43%         4    #####..
 Fireball                 Conj/Fire      ##........   80%         5    ######.


Dungeon Overview and Level Annotations

Branches:
Dungeon (2/15)

Altars:
The Shining One

Annotations:
D:2 Natasha


Innate Abilities, Weirdness & Mutations

Your plain brown scales are hard. (AC +5)
You cannot fit into any form of body armour.
You are cold-blooded and may be slowed by cold attacks.


Message History

It is a scroll of amnesia.
Really abort (and waste the scroll)? [Y]es or [N]o only, please.
Really abort (and waste the scroll)? [Y]es or [N]o only, please.
Really abort (and waste the scroll)? [Y]es or [N]o only, please.
Really abort (and waste the scroll)? [Y]es or [N]o only, please.
Really abort (and waste the scroll)?
Okay, then.
The orc warrior hits you with a +0 long sword!
As you read the scroll labeled BANUDA RAENK, it crumbles to dust.
You feel blessed for a moment.
It was a scroll of remove curse.
The orc warrior hits you with a +0 long sword.
As you read the scroll labeled GYCUDU JUFOCAT, it crumbles to dust.
You feel strangely unstable.
It was a scroll of teleportation.
The orc warrior hits you with a +0 long sword!!
Ouch! That really hurt!
You die...

#)# ##..# #.# #.#
#.># #.# #.#####
##.# #.. #.#...#
#.# ### #.#...#
#.# #.#...# #.#
#.#...# #.#
##.#...########.#
#..'...§§@o§....#
####...##########
#...# #...# #...#
#####


You could see an orc warrior.

Vanquished Creatures
  An orc wizard (D:2)
  Natasha (D:2)
  An adder (D:2)
  An ooze (D:2)
  A worm (D:2)
  3 dart slugs
  A leopard gecko (D:1)
  An orc (D:2)
  4 giant cockroaches
  6 hobgoblins
  2 jackals (D:1)
  4 bats
  A frilled lizard (D:2)
  3 goblins (D:1)
  3 kobolds (D:1)
  A rat (D:1)
34 creatures vanquished.

Vanquished Creatures (others)
  A bat (D:1)
  102 foxfires
  5 toadstools (D:1)
108 creatures vanquished.

Grand Total: 142 creatures vanquished

Notes
Turn   | Place    | Note
-------+----------+-------------------------------------------
     0 | D:1      | MaCx the Draconian Fire Elementalist began the quest for
                  | the Orb.
     0 | D:1      | Reached XP level 1. HP: 14/14 MP: 3/3
   352 | D:1      | Reached XP level 2. HP: 15/20 MP: 1/5
  1011 | D:2      | Reached XP level 3. HP: 26/26 MP: 1/6
  1056 | D:2      | Found a glowing golden altar of the Shining One.
  1304 | D:2      | Noticed Natasha
  1309 | D:2      | Killed Natasha
  1309 | D:2      | Reached XP level 4. HP: 33/33 MP: 2/8
  1399 | D:2      | Noticed an orc warrior
  1490 | D:2      | Noticed Natasha
  1875 | D:1      | Slain by an orc warrior

Illustrated notes

Levels and vault maps discovered:
D:1:      ldierk_walled_garden, layout_basic
D:2:      layout_rooms, lemuel_crystal_altar, uniq_natasha

Skill      XL: |  1  2  3  4 |
---------------+-------------+-----
Conjurations   | 2 |  2.5
Spellcasting   | 3 |  3.0
Dodging        | |  1.7
Stealth        | |  1.7
Fire Magic     | |  3.9

Action                   |  1- 3 |  4- 6 || total
-------------------------+-------+-------++-------
Melee: Dagger            |    36 |       ||    36
       Club              |     6 |       ||     6
       Tailslap          |     3 |       ||     3
       Unarmed           |     1 |       ||     1
Throw: Dart              |       |     9 ||     9
       Stone             |       |     1 ||     1
 Cast: Foxfire           |    53 |    12 ||    65
  Use: Scroll            |       |     4 ||     4
 Stab: Sleeping          |     2 |       ||     2
  Eat: Chunk             |     2 |       ||     2
Armor: Skin              |    17 |       ||    17
Dodge: Dodged            |    42 |     6 ||    48
